| TOP OF THE 1ST |
|
Windy City ThunderBolts batting - Pitching for Paris Cubs : RHP Chris P. Shephard
|
|
Pitching: RHP Chris P. Shephard
|
|
|
Batting: RHB Joe Thomas
|
0-0: Ball 1-0: Foul Ball, location: 2F 1-1: Called Strike 1-2: Ball 2-2: Strikes out swinging
|
|
Batting: RHB Eddie Dimas
|
0-0: Ground out 5-3 (Groundball, 56, EV 84.4 MPH)
|
|
Batting: SHB Danny Gallegos
|
0-0: Called Strike 0-1: Called Strike 0-2: Ball 1-2: Strikes out swinging
|
| Top of the 1st over - 0 runs, 0 hits, 0 errors, 0 left on base; Windy City 0 - Paris 0 |
| BOTTOM OF THE 1ST |
|
Paris Cubs batting - Pitching for Windy City ThunderBolts : RHP Dusty Haberstroh
|
|
Pitching: RHP Dusty Haberstroh
|
|
|
Batting: RHB Willie Rubio
|
0-0: Ball 1-0: SINGLE (Groundball, 4MD, EV 104.4 MPH) (infield hit)
|
|
Batting: RHB Michihisa Tanaka
|
0-0: Called Strike 0-1: Ball 1-1: Ball 2-1: Swinging Strike 2-2: Foul Ball, location: 2F 2-2: Strikes out looking
|
|
Batting: LHB Jeremy Rideout
|
0-0: Called Strike Willie Rubio steals 2nd base 0-1: Ball 1-1: Ball 2-1: Ground out U3 (Groundball, 3, EV 105.0 MPH) Willie Rubio to third
|
|
Batting: LHB David Mendez
|
0-0: Ball 1-0: Ball 2-0: Ball 3-0: Called Strike 3-1: Called Strike 3-2: Ground out 5-3 (Groundball, 5L, EV 85.0 MPH)
|
| Bottom of the 1st over - 0 runs, 1 hit, 0 errors, 1 left on base; Windy City 0 - Paris 0 |
| TOP OF THE 2ND |
|
Windy City ThunderBolts batting - Pitching for Paris Cubs : RHP Chris P. Shephard
|
|
Batting: RHB Kaoru Hamada
|
0-0: Swinging Strike 0-1: Called Strike 0-2: Ball 1-2: Ball 2-2: Ball 3-2: Foul Ball, location: 2F 3-2: Strikes out swinging
|
|
Batting: RHB Nhat Phong
|
0-0: Ball 1-0: Fly out, F8 (Flyball, 89S, EV 90.6 MPH)
|
|
Batting: RHB Miguel Pacheco
|
0-0: Called Strike 0-1: Ground out U3 (Groundball, 3, EV 75.6 MPH)
|
| Top of the 2nd over - 0 runs, 0 hits, 0 errors, 0 left on base; Windy City 0 - Paris 0 |
| BOTTOM OF THE 2ND |
|
Paris Cubs batting - Pitching for Windy City ThunderBolts : RHP Dusty Haberstroh
|
|
Batting: RHB Jesus Resendez
|
0-0: Ball 1-0: Swinging Strike 1-1: Foul Ball, location: 2F 1-2: Foul Ball, location: 2F 1-2: Strikes out swinging, 2-3 out at first.
|
|
Batting: RHB Jason Banks
|
0-0: Ball 1-0: Foul Ball, location: 2F 1-1: Ball 2-1: Ball 3-1: Base on Balls
|
|
Batting: RHB Mike Snider
|
0-0: Ball 1-0: Grounds into double play, 6-4-3 (Groundball, 56, EV 85.0 MPH)
|
| Bottom of the 2nd over - 0 runs, 0 hits, 0 errors, 0 left on base; Windy City 0 - Paris 0 |
| TOP OF THE 3RD |
|
Windy City ThunderBolts batting - Pitching for Paris Cubs : RHP Chris P. Shephard
|
|
Batting: RHB Dave Dominguez
|
0-0: Foul Ball, location: 2F 0-1: Called Strike 0-2: Strikes out swinging
|
|
Batting: RHB Klaus Brown
|
0-0: Ball 1-0: Ball 2-0: Called Strike 2-1: Swinging Strike 2-2: Strikes out swinging
|
|
Batting: RHB Sim Damit
|
0-0: Fly out, F8 (Line Drive, 8LD, EV 100.6 MPH)
|
| Top of the 3rd over - 0 runs, 0 hits, 0 errors, 0 left on base; Windy City 0 - Paris 0 |
| BOTTOM OF THE 3RD |
|
Paris Cubs batting - Pitching for Windy City ThunderBolts : RHP Dusty Haberstroh
|
|
Batting: LHB Zach Martin
|
0-0: Foul Ball, location: 2F 0-1: Ball 1-1: Fly out, F8 (Flyball, 89S, EV 98.1 MPH)
|
|
Batting: LHB Bobby Marlatt
|
0-0: SINGLE (Groundball, 4D, EV 94.4 MPH)
|
|
Batting: RHB Willie Rubio
|
0-0: Called Strike 0-1: Ball 1-1: Ball 2-1: Foul Ball, location: 2F 2-2: Ball 3-2: Strikes out swinging
|
|
Batting: RHB Michihisa Tanaka
|
0-0: Foul Ball, location: 2F 0-1: Ball 1-1: SINGLE (Line Drive, 78S, EV 89.4 MPH) Bobby Marlatt to second
|
|
Batting: LHB Jeremy Rideout
|
0-0: Called Strike 0-1: Ball 1-1: Ball 2-1: Ground out 4-3 (Groundball, 4, EV 78.1 MPH)
|
| Bottom of the 3rd over - 0 runs, 2 hits, 0 errors, 2 left on base; Windy City 0 - Paris 0 |
| TOP OF THE 4TH |
|
Windy City ThunderBolts batting - Pitching for Paris Cubs : RHP Chris P. Shephard
|
|
Batting: RHB Joe Thomas
|
0-0: Ball 1-0: Foul Ball, location: 2F 1-1: Ball 2-1: Fly out, F9 (Flyball, 9LM, EV 94.4 MPH)
|
|
Batting: RHB Eddie Dimas
|
0-0: Called Strike 0-1: Ball 1-1: SINGLE (Line Drive, 3D, EV 101.2 MPH)
|
|
Batting: SHB Danny Gallegos
|
0-0: Called Strike 0-1: Swinging Strike 0-2: Ball 1-2: Ball 2-2: Strikes out swinging
|
|
Batting: RHB Kaoru Hamada
|
0-0: Ball 1-0: Ball 2-0: SINGLE (Line Drive, 7S, EV 96.2 MPH) Eddie Dimas to second
|
|
Batting: RHB Nhat Phong
|
0-0: Ground out 5-3 (Groundball, 56, EV 96.9 MPH)
|
| Top of the 4th over - 0 runs, 2 hits, 0 errors, 2 left on base; Windy City 0 - Paris 0 |
| BOTTOM OF THE 4TH |
|
Paris Cubs batting - Pitching for Windy City ThunderBolts : RHP Dusty Haberstroh
|
|
Batting: LHB David Mendez
|
0-0: Called Strike 0-1: Ball 1-1: Foul Ball, location: 2F 1-2: Foul Ball, location: 2F 1-2: Ground out 2-3 (Groundball, 2R, EV 68.1 MPH)
|
|
Batting: RHB Jesus Resendez
|
0-0: Called Strike 0-1: Fly out, F6 (Line Drive, 6, EV 70.0 MPH)
|
|
Batting: RHB Jason Banks
|
0-0: Called Strike 0-1: Foul Ball, location: 2F 0-2: Strikes out swinging
|
| Bottom of the 4th over - 0 runs, 0 hits, 0 errors, 0 left on base; Windy City 0 - Paris 0 |
| TOP OF THE 5TH |
|
Windy City ThunderBolts batting - Pitching for Paris Cubs : RHP Chris P. Shephard
|
|
Batting: RHB Miguel Pacheco
|
0-0: Foul Ball, location: 2F 0-1: Fly out, F8 (Flyball, 8LD, EV 105.6 MPH)
|
|
Batting: RHB Dave Dominguez
|
0-0: Swinging Strike 0-1: Fly out, F9 (Line Drive, 89M, EV 97.5 MPH)
|
|
Batting: RHB Klaus Brown
|
0-0: Ball 1-0: Called Strike 1-1: Swinging Strike 1-2: Strikes out swinging
|
| Top of the 5th over - 0 runs, 0 hits, 0 errors, 0 left on base; Windy City 0 - Paris 0 |
| BOTTOM OF THE 5TH |
|
Paris Cubs batting - Pitching for Windy City ThunderBolts : RHP Dusty Haberstroh
|
|
Batting: RHB Mike Snider
|
0-0: Ball 1-0: Ground out 5-3 (Groundball, 56, EV 91.9 MPH)
|
|
Batting: LHB Zach Martin
|
0-0: Called Strike 0-1: Swinging Strike 0-2: Strikes out swinging
|
|
Batting: LHB Bobby Marlatt
|
0-0: Ball 1-0: Called Strike 1-1: Called Strike 1-2: Strikes out looking
|
| Bottom of the 5th over - 0 runs, 0 hits, 0 errors, 0 left on base; Windy City 0 - Paris 0 |
| TOP OF THE 6TH |
|
Windy City ThunderBolts batting - Pitching for Paris Cubs : RHP Chris P. Shephard
|
|
Pitching: RHP Kichijo Robinson
|
|
|
Batting: RHB Sim Damit
|
0-0: Called Strike 0-1: Ground out 6-3 (Groundball, 6, EV 106.2 MPH)
|
|
Batting: RHB Joe Thomas
|
0-0: Called Strike 0-1: Foul Ball, location: 2F 0-2: Foul Ball, location: 2F 0-2: Ball 1-2: SINGLE (Groundball, 34D, EV 107.5 MPH)
|
|
Batting: RHB Eddie Dimas
|
0-0: Fly out, F8 (Line Drive, 8RD, EV 94.4 MPH)
|
|
Batting: SHB Danny Gallegos
|
0-0: Ball 1-0: Fly out, F8 (Flyball, 8RM, EV 76.9 MPH)
|
| Top of the 6th over - 0 runs, 1 hit, 0 errors, 1 left on base; Windy City 0 - Paris 0 |
| BOTTOM OF THE 6TH |
|
Paris Cubs batting - Pitching for Windy City ThunderBolts : RHP Dusty Haberstroh
|
|
Batting: RHB Willie Rubio
|
0-0: Ball 1-0: Fly out, F9 (Flyball, 89M, EV 95.0 MPH)
|
|
Batting: RHB Michihisa Tanaka
|
0-0: Ball 1-0: Called Strike 1-1: Ball 2-1: Ball 3-1: Swinging Strike 3-2: Strikes out swinging
|
|
Batting: LHB Jeremy Rideout
|
0-0: Called Strike 0-1: SINGLE (Groundball, 34D, EV 103.1 MPH)
|
|
Batting: LHB David Mendez
|
0-0: Ball 1-0: Fly out, F8 (Line Drive, 8RD, EV 97.5 MPH)
|
| Bottom of the 6th over - 0 runs, 1 hit, 0 errors, 1 left on base; Windy City 0 - Paris 0 |
| TOP OF THE 7TH |
|
Windy City ThunderBolts batting - Pitching for Paris Cubs : RHP Kichijo Robinson
|
|
Batting: RHB Kaoru Hamada
|
0-0: Fly out, F8 (Flyball, 89M, EV 79.4 MPH)
|
|
Batting: RHB Nhat Phong
|
0-0: Ball 1-0: Foul Ball, location: 2F 1-1: Ball 2-1: Ball 3-1: Base on Balls
|
|
Pinch Hitting: RHB Donovan Deason
|
0-0: Called Strike 0-1: Ball 1-1: Foul Ball, location: 2F 1-2: Strikes out swinging
|
|
Pinch Hitting: RHB Paul Holland
|
0-0: Called Strike 0-1: Foul Ball, location: 2F 0-2: Fly out, F6 (Popup, 6M, EV 77.5 MPH)
|
| Top of the 7th over - 0 runs, 0 hits, 0 errors, 1 left on base; Windy City 0 - Paris 0 |
| BOTTOM OF THE 7TH |
|
Paris Cubs batting - Pitching for Windy City ThunderBolts : RHP Dusty Haberstroh
|
|
Now at 1B: Donovan Deason
|
|
|
Now in RF: Ricky Avila
|
|
|
Batting: RHB Jesus Resendez
|
0-0: SINGLE (Groundball, 4MD, EV 96.9 MPH)
|
|
Batting: RHB Jason Banks
|
0-0: Ball 1-0: Ball 2-0: Ball 3-0: Called Strike 3-1: Base on Balls Jesus Resendez to second
|
|
Batting: RHB Mike Snider
|
0-0: Ball 1-0: Ball 2-0: Ball 3-0: Called Strike 3-1: Grounds into double play, 6-4-3 (Groundball, 6, EV 81.2 MPH) Jesus Resendez to third
|
|
Batting: LHB Zach Martin
|
0-0: Ball 1-0: Ball 2-0: Ball 3-0: Base on Balls
|
|
Batting: LHB Bobby Marlatt
|
0-0: Ball 1-0: Ball 2-0: Ball 3-0: Called Strike 3-1: SINGLE (Line Drive, 7S, EV 105.0 MPH) Jesus Resendez scores Zach Martin to second
|
|
Batting: RHB Willie Rubio
|
0-0: Called Strike 0-1: Foul Ball, location: 2F 0-2: Ball 1-2: Foul Ball, location: 2F 1-2: Ball 2-2: Fielders Choice at 2nd, 6-4 (Groundball, 6, EV 90.6 MPH)
|
| Bottom of the 7th over - 1 run, 2 hits, 0 errors, 2 left on base; Windy City 0 - Paris 1 |
| TOP OF THE 8TH |
|
Windy City ThunderBolts batting - Pitching for Paris Cubs : RHP Kichijo Robinson
|
|
Batting: RHB Klaus Brown
|
0-0: Ball 1-0: Called Strike 1-1: Ground out 6-3 (Groundball, 6, EV 80.0 MPH)
|
|
Batting: RHB Sim Damit
|
0-0: Ball 1-0: Called Strike 1-1: Ball 2-1: Swinging Strike 2-2: Ball 3-2: Strikes out looking
|
|
Batting: RHB Joe Thomas
|
0-0: Ball 1-0: Ground out 5-3 (Groundball, 56, EV 79.4 MPH)
|
| Top of the 8th over - 0 runs, 0 hits, 0 errors, 0 left on base; Windy City 0 - Paris 1 |
| BOTTOM OF THE 8TH |
|
Paris Cubs batting - Pitching for Windy City ThunderBolts : RHP Dusty Haberstroh
|
|
Batting: RHB Michihisa Tanaka
|
0-0: Swinging Strike 0-1: Ball 1-1: Ball 2-1: Swinging Strike 2-2: Ball 3-2: Fly out, F2 (Popup, 23F, EV 80.0 MPH)
|
|
Pitching: LHP Keith O'Brien
|
|
|
Batting: LHB Jeremy Rideout
|
0-0: Fly out, F9 (Line Drive, 9, EV 98.1 MPH)
|
|
Batting: LHB David Mendez
|
0-0: Ball 1-0: Ball 2-0: Foul Ball, location: 2F 2-1: Foul Ball, location: 2F 2-2: Foul Ball, location: 2F 2-2: Strikes out looking
|
| Bottom of the 8th over - 0 runs, 0 hits, 0 errors, 0 left on base; Windy City 0 - Paris 1 |
| TOP OF THE 9TH |
|
Windy City ThunderBolts batting - Pitching for Paris Cubs : RHP Kichijo Robinson
|
|
Pitching: RHP Justin Rodrigues
|
|
|
Batting: RHB Eddie Dimas
|
0-0: Ball 1-0: Foul Ball, location: 2F 1-1: Ball 2-1: Swinging Strike 2-2: Strikes out swinging
|
|
Batting: SHB Danny Gallegos
|
0-0: Fly out, F6 (Popup, 6M, EV 71.2 MPH)
|
|
Batting: RHB Kaoru Hamada
|
0-0: Called Strike 0-1: Called Strike 0-2: Strikes out swinging
|
| Top of the 9th over - 0 runs, 0 hits, 0 errors, 0 left on base; Windy City 0 - Paris 1 |
|